 Dungeon Crawl Stone Soup version 0.27-a0-1065-ge809cff456 (webtiles) character file.

Game seed: 5080770832062083943

1980822 2bobheroes the Wrestler (level 27, 287/287 (288) HPs)
             Began as a Troll Fighter on Apr 20, 2021.
             Was the Champion of Okawaru.
             Escaped with the Orb
             ... and 3 runes on Apr 22, 2021!
             The game lasted 04:52:42 (58255 turns).

2bobheroes the Wrestler (Troll Fighter)            Turns: 58255, Time: 04:52:42

HP:   287/287 (288) AC: 46    Str: 40    XL:     27
MP:   27/27         EV: 14    Int:  4    God:    Okawaru [******]
Gold: 2756          SH: 30    Dex: 10    Spells: 21/26 levels left

rFire    + + +     SeeInvis +     - Unarmed
rCold    + + .     Faith    .   L - +7 tower shield {AC+3}
rNeg     + . .     Spirit   .   j - +12 gold dragon scales
rPois    +         Reflect  .   y - +2 hood of the Assassin {Detection Stab+ Stlth++}
rElec    +         Harm     .   B - +2 cloak {Will+}
rCorr    .         Rampage  .   (gloves unavailable)
Will     +++..                  (boots unavailable)
Stlth    ..........             d - amulet of Monwov {+Blink rElec rN+ Regen+ Dex+2}
HPRegen  2.57/turn              v - ring of Descent {rElec rF+ rC+ SInv}
MPRegen  0.20/turn              T - +4 ring of evasion

@: studying 3 skills, lightly drained
A: large, unfitting armour, claws 3, regeneration 1, shaggy fur 1, tough skin 1,
hooves 1, clumsy 1, fire resistance 1, mutation resistance 1
0: Orb of Zot
}: 3/15 runes: decaying, serpentine, silver
a: Renounce Religion, Evoke Blink, Heroism, Finesse


You escaped.
You worshipped Okawaru.
Okawaru was exalted by your worship.
You visited 9 branches of the dungeon, and saw 49 of its levels.
You visited the Abyss 3 times.
You visited 2 bazaars.
You also visited: Ossuary, Ice Cave, Volcano and Wizlab.

You collected 13843 gold pieces.
You spent 11087 gold pieces at shops.

Inventory:

Hand Weapons
 t - the +6 Majin-Bo {vamp, MP+6 Int+6}
   (You took it off a Hellbinder in a wizard's laboratory)

   It inflicts no extra harm, but heals its wielder when it wounds a living foe.
   It affects your intelligence (+6).
   It affects your magic capacity (+6).
Missiles
 g - 13 boomerangs of dispersal
 h - 31 silver javelins
 m - 11 curare-tipped darts
 J - 45 atropa-tipped darts
 N - 13 datura-tipped darts
 P - 26 javelins
 V - 23 throwing nets
 W - 125 large rocks
Armour
 j - +12 gold dragon scales (worn)
 y - the +2 hood of the Assassin (worn) {Detection Stab+ Stlth++}
   (You bought it in a shop in a bazaar)

   It makes you much more stealthy.
 B - a +2 cloak of willpower (worn)
 L - a +7 tower shield of protection (worn)
Jewellery
 d - the amulet of Monwov (around neck) {+Blink rElec rN+ Regen+ Dex+2}
   (You bought it in a shop on level 1 of the Depths)

   [amulet of regeneration]

   It affects your dexterity (+2).
   It insulates you from electricity.
   It protects you from negative energy.
   It lets you blink.
   It increases your rate of health regeneration.
 l - a ring of wizardry
 n - the ring "Zecsaqis" {Fly rElec Will+ Dex+4}
   (You found it on level 3 of the Elven Halls)

   [ring of flight]

   It affects your dexterity (+4).
   It insulates you from electricity.
   It grants you flight.
   It increases your willpower.
 v - the ring of Descent (left claw) {rElec rF+ rC+ SInv}
   (You found it on level 3 of the Elven Halls)

   [ring of protection from cold]

   It protects you from fire.
   It protects you from cold.
   It insulates you from electricity.
   It lets you see invisible.
 I - the ring of Egomania {*Slow Fly Will+ Int+6 Stlth+}
   (You bought it in a shop on level 1 of the Orcish Mines)

   [ring of intelligence]

   It affects your intelligence (+6).
   It grants you flight.
   It may slow you when you take damage.
   It increases your willpower.
   It makes you more stealthy.
 T - a +4 ring of evasion (right claw)
Wands
 a - a wand of acid (45)
 q - a wand of paralysis (20)
 r - a wand of digging (11)
 O - a wand of charming (11)
 U - a wand of polymorph (36)
Scrolls
 e - 39 scrolls of identify
 f - 28 scrolls of teleportation
 i - 8 scrolls of torment
 p - 15 scrolls of blinking
 x - 16 scrolls of fog
 G - 8 scrolls of silence
 H - 5 scrolls of summoning
 K - 3 scrolls of magic mapping
 Q - 10 scrolls of immolation
 X - 9 scrolls of vulnerability
 Z - 7 scrolls of fear
Potions
 c - 12 potions of might
 k - 15 potions of heal wounds
 s - 12 potions of cancellation
 u - 33 potions of curing
 w - 7 potions of haste
 z - 7 potions of berserk rage
 A - 2 potions of brilliance
 C - 9 potions of resistance
 E - a potion of mutation
 M - a potion of invisibility
Miscellaneous
 b - a phial of floods
 o - a lightning rod (4/4)
 D - a tin of tremorstones (2/2)
 R - a phantom mirror
 S - a condenser vane (quivered)


   Skills:
 + Level 19.6 Fighting
 * Level 19.7 Throwing
 * Level 20.4 Armour
 - Level 15.0 Dodging
 - Level 15.0 Shields
 - Level 22.0 Unarmed Combat
 - Level 7.0 Invocations
 + Level 14.2 Evocations


You had 21 spell levels left.
You knew the following spells:

 Your Spells              Type           Power      Damage    Failure   Level
a - Blink                 Tloc           N/A        N/A       99%         2
b - Passwall              Tmut/Erth      0%         N/A       99%         2
c - Animate Skeleton      Necr           0%         N/A       97%         1

Your spell library contained the following spells:

 Spells                   Type           Power      Damage    Failure   Level
 Apportation              Tloc           0%         N/A       97%         1
 Corona                   Hex            0%         N/A       97%         1
 Foxfire                  Conj/Fire      0%         2x1d4     97%         1
 Freeze                   Ice            0%         1d3       97%         1
 Magic Dart               Conj           0%         1d3       97%         1
 Pain                     Necr           0%         1d4       97%         1
 Shock                    Conj/Air       0%         1d3       97%         1
 Summon Small Mammal      Summ           0%         N/A       97%         1
 Call Imp                 Summ           0%         N/A       99%         2
 Ensorcelled Hibernation  Hex/Ice        0%         N/A       99%         2
 Poisonous Vapours        Pois/Air       0%         N/A       99%         2
 Slow                     Hex            0%         N/A       99%         2
 Static Discharge         Conj/Air       0%         N/A       99%         2
 Sublimation of Blood     Necr           0%         N/A       99%         2
 Call Canine Familiar     Summ           0%         N/A       100%        3
 Confusing Touch          Hex            0%         N/A       100%        3
 Conjure Flame            Conj/Fire      0%         6-21      100%        3
 Dazzling Flash           Conj/Hex       0%         N/A       100%        3
 Frozen Ramparts          Ice            0%         1d2       100%        3
 Gell's Gravitas          Tloc           0%         N/A       100%        3
 Ignite Poison            Fire/Tmut/Pois 0%         N/A       100%        3
 Lesser Beckoning         Tloc           0%         N/A       100%        3
 Mephitic Cloud           Conj/Pois/Air  0%         N/A       100%        3
 Ozocubu's Armour         Ice            0%         N/A       100%        3
 Portal Projectile        Hex/Tloc       0%         N/A       100%        3
 Summon Guardian Golem    Hex/Summ       0%         N/A       100%        3
 Swiftness                Air            0%         N/A       100%        3
 Teleport Other           Tloc           0%         N/A       100%        3
 Tukima's Dance           Hex            0%         N/A       100%        3
 Vampiric Draining        Necr           0%         2d6       100%        3
 Airstrike                Air            0%         N/A       100%        4
 Animate Armour           Summ/Erth      0%         N/A       100%        4
 Animate Dead             Necr           0%         N/A       100%        4
 Cause Fear               Hex            0%         N/A       100%        4
 Hailstorm                Conj/Ice       0%         3d3       100%        4
 Passage of Golubria      Tloc           N/A        N/A       100%        4
 Petrify                  Tmut/Erth      0%         N/A       100%        4
 Summon Ice Beast         Ice/Summ       0%         N/A       100%        4
 Summon Lightning Spire   Summ/Air       0%         N/A       100%        4
 Agony                    Necr           0%         N/A       100%        5
 Alistair's Intoxication  Tmut/Pois      0%         N/A       100%        5
 Borgnjor's Vile Clutch   Necr/Erth      0%         N/A       100%        5
 Irradiate                Conj/Tmut      0%         3d13      100%        5
 Lee's Rapid Deconstruct  Erth           0%         3d5*      100%        5
 Lightning Bolt           Conj/Air       0%         1d11      100%        5
 Manifold Assault         Tloc           0%         N/A       100%        5
 Metabolic Englaciation   Hex/Ice        0%         N/A       100%        5
 Silence                  Hex/Air        0%         N/A       100%        5
 Summon Forest            Summ/Tloc      0%         N/A       100%        5
 Summon Mana Viper        Hex/Summ       0%         N/A       100%        5
 Yara's Violent Unravell  Hex/Tmut       0%         3d3       100%        5
 Blade Hands              Tmut           0%         N/A       100%        6
 Conjure Ball Lightning   Conj/Air       0%         3x3d6     100%        6
 Death Channel            Necr           0%         N/A       100%        6
 Dispersal                Tloc           0%         N/A       100%        6
 Eringya's Noxious Bog    Tmut/Pois      0%         N/A       100%        6
 Freezing Cloud           Conj/Ice/Air   0%         6-21      100%        6
 Invisibility             Hex            0%         N/A       100%        6
 Iron Shot                Conj/Erth      0%         9d1       100%        6
 Shadow Creatures         Summ           N/A        N/A       100%        6
 Simulacrum               Ice/Necr       0%         N/A       100%        6
 Statue Form              Tmut/Erth      0%         N/A       100%        6
 Dragon Form              Tmut           0%         N/A       100%        7
 Malign Gateway           Summ/Tloc      0%         N/A       100%        7
 Spellforged Servitor     Conj/Summ      0%         N/A       100%        7
 Summon Hydra             Summ           0%         N/A       100%        7
 Borgnjor's Revivificati  Necr           0%         N/A       100%        8
 Disjunction              Tloc           0%         N/A       100%        8
 Ignition                 Fire           0%         3d3       100%        8
 Infestation              Necr           0%         N/A       100%        8
 Necromutation            Tmut/Necr      0%         N/A       100%        8
 Death's Door             Necr           0%         N/A       100%        9
 Dragon's Call            Summ           0%         N/A       100%        9
 Tornado                  Air            0%         N/A       100%        9


Dungeon Overview and Level Annotations

Branches:
Dungeon (15/15)            Temple (0/1) D:4            Lair (6/6) D:10
  Swamp (4/4) Lair:2        Snake (4/4) Lair:2        Slime (0/5) Lair:5
    Orc (2/2) D:9             Elf (3/3) Orc:2        Vaults (5/5) D:14
  Crypt (0/3) Vaults:3     Depths (5/5) D:15            Zot (5/5) Depths:5
Ossuary (visited)           IceCv (visited)         Volcano (visited)
 WizLab (visited)

Altars:
Cheibriados
Dithmenos
Elyvilon
Fedhas
Gozag
Kikubaaqudgha
Makhleb
Okawaru
Sif Muna
Uskayaw
Vehumet
Wu Jian
Xom
The Shining One
Beogh
Jiyva

Shops:
D:1 [   D:3 :   D:9 =   Orc:1 ?:*   Orc:2 **?(!*(*   Elf:1 *!   Elf:2 **=
Elf:3 (   Snake:4 [   Vaults:5 *   Depths:1 =:==   Depths:2 [((:   Depths:3 :?

Portals:
Hell: Depths:1 Depths:2 Depths:3 Depths:4 Depths:5
Abyss: Depths:3 Depths:4
Pandemonium: Depths:3
Ziggurat: Depths:2

Annotations:
Lair:5 1 runed translucent door
Depths:2 1 runed translucent door, Ciric's ghost, veteran SpVM


Innate Abilities, Weirdness & Mutations

You are too large for most types of armour.
You have claws for hands.
Your natural rate of healing is unusually fast.
You are covered in fur. (AC +1)
You have tough skin. (AC +1)
You have large cloven feet.
You are clumsy. (Dex -2)
Your flesh is heat resistant. (rF+)
You are somewhat resistant to further mutation.


Message History

The Brimstone Fiend is almost dead.
The Brimstone Fiend hits you but does no damage.
You block the Brimstone Fiend's attack.
The Brimstone Fiend hits you but does no damage.
You mangle the Brimstone Fiend!!
You kill the Brimstone Fiend!
Okawaru accepts your kill.
No target in view!
(D) Dungeon (T) Temple (L) Lair (S) Swamp (P) Snake Pit (M) Slime Pits (O) Orcish Mines (E) Elven Halls (V) Vaults (C) Crypt (U) Depths (H) Hell (Z) Zot
Where to? (Enter - D:1, ? - help) HP restored.
There is a stone staircase leading up here.
You climb upwards.
There is a stone staircase leading down here.
You sense a monster nearby.
(D) Dungeon (T) Temple (L) Lair (S) Swamp (P) Snake Pit (M) Slime Pits (O) Orcish Mines (E) Elven Halls (V) Vaults (C) Crypt (U) Depths (H) Hell (Z) Zot
Where to? (Enter - D:1, ? - help)
There is a stone staircase leading up here.
You climb upwards.
There is a stone staircase leading down here.
There is a stone staircase leading up here.
You climb upwards.
There is a stone staircase leading down here.
(D) Dungeon (T) Temple (L) Lair (S) Swamp (P) Snake Pit (M) Slime Pits (O) Orcish Mines (E) Elven Halls (V) Vaults (C) Crypt (U) Depths (H) Hell (Z) Zot
Where to? (Enter - D:1, ? - help)
What level of the Dungeon? (default 1, ? - help)
You open the door.
There is an open door here.
There is a staircase leading out of the dungeon here.
Unknown command.
You have escaped!

#.##..### #.##.#..##........
#.##.## ####'####..########.#
#.##.# ##PP#.#PP##.# #.#
####.##.###P≈≈#.#..P### #.>
#....##.##P≈≈≈#.#...P## ###
#.####..#P≈≈≈≈#.#...PP# #
#.###...#P≈≈≈≈#.#....P#
#.##....#######.#########
#.#.....+......@......'.#
#...>...#######.#######.#
###.[...#PPP..#.#≈≈≈≈P#.#
##....#P....#.#≈≈≈≈P#.########
##...##P.P.#.#≈≈≈P##.........
##...##P.P#.#≈≈P##...#######
#..####PP#.#PP####### #..#
####'#### ####..#####.....##


There were no monsters in sight!

Vanquished Creatures
  8 dread liches
  2 ancient liches
  10 orbs of fire
  Mara (Swamp:3)
  4 juggernauts
  Bai Suzhen (Snake:4)
  7 Killer Klowns
  A pandemonium lord (D:10)
  Saint Roka (Depths:3)
  Vashnia (Snake:4)
  4 curse toes
  A caustic shrike (Depths:2)
  16 golden dragons
  Nikola (Swamp:3)
  the Enchantress (Depths:2)
  A Hellbinder (WizLab)
  2 bone dragons
  4 electric golems
  A Brimstone Fiend (D:4)
  Jorgrun (D:13)
  11 tentacled monstrosities
  5 deep elf blademasters
  4 liches
  5 quicksilver dragons
  25 Orb Guardians (Zot:5)
  2 deep elf master archers (Elf:3)
  9 titans
  9 sphinxes
  12 death cobs
  3 tentacled starspawn (Abyss:2)
  Kirke (D:13)
  An ancient champion (Vaults:3)
  Donald (Orc:2)
  6 draconian monks
  8 shadow dragons
  A thorn hunter (Swamp:4)
  13 storm dragons
  6 nagarajas (Snake:4)
  6 tengu reavers
  16 deep elf sorcerers
  12 frost giants
  7 draconian scorchers
  3 draconian knights
  9 fire giants
  A fenstrider witch (Swamp:3)
  2 orc warlords
  6 ghost moths
  2 iron dragons
  22 vault wardens
  The ghost of ClownBaby the Quickloader, a journeyman GnHu of Cheibriados (Snake:1)
  4 draconian shifters
  An angel (Abyss:2)
  3 deep elf elementalists (Elf:3)
  4 draconian stormcallers
  17 ironbound preservers
  3 draconian annihilators
  21 very ugly things
  5 spriggan defenders
  2 war gargoyles (Vaults:5)
  2 reapers
  2 quicksilver oozes (shapeshifter) (Vaults:5)
  A blood saint (WizLab)
  19 stone giants
  7 spark wasps
  9 deep elf demonologists
  11 green draconians
  4 vampire knights
  9 black draconians
  4 starcursed masses (Abyss:2)
  10 purple draconians
  5 yellow draconians
  4 bunyips
  A lorocyproca (WizLab)
  8 deep elf annihilators
  11 red draconians
  An entropy weaver (Vaults:2)
  15 white draconians
  The ghost of kd29 the Transmogrifier, a journeyman DrTm of Sif Muna (Lair:3)
  4 eleionomae
  A green death (WizLab)
  A crystal guardian (Vaults:3)
  2 shambling mangroves (Swamp:3)
  7 deep elf death magi
  A merfolk impaler (Depths:1)
  27 ettins
  A salamander tyrant (Depths:3)
  9 deep elf high priests
  A blizzard demon (WizLab)
  15 fire dragons
  15 great orbs of eyes
  18 yaktaur captains
  10 hydras
  3 hell beasts
  42 vault guards
  7 ogre magi
  12 ice dragons
  2 peacekeepers
  A rakshasa (D:15)
  14 naga warriors
  5 ironbound frosthearts
  4 boulder beetles
  8 ironbound thunderhulks
  4 ghost crabs
  5 spriggan air magi
  A catoblepas (Lair:6)
  15 anacondas
  24 dancing weapons
  19 two-headed ogres
  3 death knights
  13 deep troll shamans
  7 alligators
  13 centaur warriors
  9 death yaks
  24 deep troll earth magi
  4 tengu warriors
  An orc high priest (Elf:1)
  13 naga sharpshooters
  6 vampire magi
  A soul eater (WizLab)
  Nergalle (D:10)
  2 ironbound beastmasters
  16 spriggans
  A thrashing horror (Abyss:2)
  10 deep elf knights
  7 spriggan berserkers
  Urug (Orc:1)
  A wretched star (Abyss:2)
  9 shock serpents
  4 sixfirhies
  17 hell knights
  5 sun demons
  3 salamander mystics
  13 iron trolls
  16 skeletal warriors
  9 sea snakes (Snake:4)
  3 death drakes
  A spatial maelstrom (Abyss:2)
  A death drake (shapeshifter) (Vaults:5)
  The ghost of Snicker the Covert, a novice DsBr of Gozag (D:7)
  2 shadow demons (WizLab)
  5 glowing orange brains
  38 deep trolls
  3 goliath frogs (Swamp:1)
  2 spriggan druids
  8 wizards
  2 flayed ghosts
  3 swamp dragons
  A goliath frog (shapeshifter) (Depths:1)
  15 ironbound convokers
  6 naga ritualists
  9 bog bodies
  5 phantasmal warriors
  5 lindwurms
  10 deep elf archers
  Pikel (D:5)
  10 harpies
  12 orc knights
  5 spectral hydras (Swamp:4)
  23 deep elf pyromancers
  2 golden dragon skeletons (Depths:1)
  7 mana vipers
  14 necromancers
  2 oklob plants (Lair:5)
  A wolf spider (Vaults:5)
  2 wolf spiders (shapeshifter)
  3 orc sorcerers
  64 ugly things
  22 deep elf zephyrmancers
  A salamander (shapeshifter) (Depths:5)
  8 cyclopes
  19 salamanders
  22 moths of wrath
  5 will-o-the-wisps
  5 manticores
  Joseph (D:7)
  7 elephants (Lair:6)
  4 rust devils
  33 black mambas
  A stone giant skeleton (D:15)
  8 guardian serpents
  13 vault sentinels
  2 elephants (shapeshifter) (Vaults:5)
  A black mamba (shapeshifter) (Vaults:5)
  A gargoyle (D:14)
  7 cane toads
  16 naga magi
  An ice statue (IceCv)
  2 orange demons (WizLab)
  A torpor snail (shapeshifter) (Vaults:5)
  3 swamp worm zombies (Swamp:4)
  51 yaktaurs
  An unseen horror (Abyss:2)
  A torpor snail (Lair:2)
  2 hellions (WizLab)
  A minotaur zombie (Abyss:2)
  6 rime drakes
  2 hellwings
  3 tormentors
  A freezing wraith (Abyss:2)
  15 komodo dragons
  2 ice devils (WizLab)
  An ancient zyme (Abyss:2)
  5 tengu conjurers
  3 efreet
  8 trolls
  2 hydra zombies (Swamp:4)
  A wolf spider simulacrum (D:13)
  A merfolk (shapeshifter) (Depths:3)
  16 polar bears
  A guardian mummy (D:15)
  11 blink frogs
  19 hornets
  2 spectral swamp dragons (Swamp:4)
  24 slime creatures
  8 tyrant leeches
  A slime creature (shapeshifter) (Vaults:5)
  5 raiju
  2 alligator zombies (Swamp:4)
  8 dream sheep
  An ice dragon skeleton (D:15)
  2 ynoxinuls
  An ettin zombie (D:15)
  An air elemental (Elf:3)
  A deep troll skeleton (D:15)
  A fire dragon skeleton (Depths:1)
  A flying skull (Vaults:3)
  2 vampires
  4 wraiths
  2 shadows
  3 hogs (D:13)
  2 water elementals
  8 wyverns
  A fire elemental (Elf:2)
  58 yaks
  7 fire bats (Volcano)
  5 basilisks
  4 chaos spawn
  A neqoxec (WizLab)
  2 steam dragons
  4 wargs
  3 small abominations (Abyss:2)
  16 vampire mosquitoes
  45 nagas
  9 large abominations (Abyss:2)
  15 swamp worms
  4 acid dragons
  4 hell hounds (Abyss:2)
  3 swamp drakes
  A floating eye (shapeshifter) (Zot:2)
  29 orc warriors
  17 water moccasins
  5 ice beasts
  7 black bears
  A necrophage (D:4)
  4 swamp dragon zombies (Swamp:4)
  12 boggarts
  A snapping turtle zombie (Abyss:2)
  An ogre (shapeshifter) (Vaults:5)
  31 ogres
  35 wolves
  12 centaurs
  7 phantoms
  2 elf zombies (D:5)
  15 bullfrogs
  A scorpion (D:7)
  An earth elemental (Elf:3)
  5 gnoll sergeants
  A wyvern skeleton (D:7)
  An elf skeleton (D:5)
  2 troll zombies (Swamp:4)
  8 killer bees
  4 wights (Abyss:2)
  3 howler monkeys
  2 troll skeletons (Swamp:4)
  5 vampire bats
  A bullfrog zombie (D:5)
  9 electric eels
  6 centaur zombies
  2 centaur skeletons
  8 quasits
  8 hounds
  25 orc priests
  Crazy Yiuf (D:2)
  3 gnoll shamans (D:9)
  A jelly (shapeshifter) (Vaults:5)
  2 iguanas
  A human zombie (D:5)
  A human skeleton (D:5)
  17 orc wizards
  A killer bee zombie (D:8)
  A centaur simulacrum (D:10)
  A hound skeleton (D:4)
  8 mummies (Ossuary)
  2 howler monkey zombies
  27 gnolls
  3 adders
  A swamp drake zombie (Swamp:4)
  A shadow imp (D:6)
  5 white imps
  2 worms (D:2)
  57 orcs
  11 bats
  13 endoplasms
  3 giant cockroaches
  3 gnoll zombies (Ossuary)
  8 goblins
  7 hobgoblins
  7 jackals
  3 quokkas
  5 ball pythons
  A frilled lizard (D:1)
  2 hobgoblin zombies (Ossuary)
  2 kobolds
  An orc skeleton (D:5)
  3 orc zombies (Ossuary)
  6 rats
  A fire vortex (D:15)
  3 starspawn tentacles (Abyss:2)
2296 creatures vanquished.

Vanquished Creatures (others)
  A quicksilver dragon (Depths:2)
  An eldritch tentacle (Zot:4)
  2 deep elf knights (Elf:2)
  A necromancer (Depths:3)
  An ugly thing (Depths:3)
  An unseen horror (D:13)
  5 bloated husks (Swamp:4)
  2 wyverns (Volcano)
  A warg (Depths:1)
  A swamp dragon zombie (Swamp:4)
  2 phantoms (Swamp:4)
  2 orcs (Depths:3)
  3 briar patches (Swamp:4)
  23 foxfires
  44 fungi
  87 plants
  9 starspawn tentacles (Abyss:2)
  2 withered plants (D:15)
188 creatures vanquished.

Grand Total: 2484 creatures vanquished

Notes
Turn   | Place    | Note
-------+----------+-------------------------------------------
     0 | D:1      | 2bobheroes the Troll Fighter began the quest for the Orb.
     0 | D:1      | Reached XP level 1. HP: 22/22 MP: 0/0
    30 | D:1      | Found Wupynir's Antique Armour Shoppe.
    44 | D:1      | Reached XP level 2. HP: 24/29 MP: 1/1
   236 | D:1      | Reached XP level 3. HP: 36/36 MP: 2/2
   537 | D:1      | Found a faded altar of an unknown god.
   827 | D:2      | Found an iron altar of Okawaru.
   834 | D:2      | Became a worshipper of Warmaster Okawaru
   866 | D:2      | Found a runed translucent door.
   867 | D:2      | Noticed Crazy Yiuf
  1412 | D:2      | Killed Crazy Yiuf
  1413 | D:2      | Reached skill level 3 in Unarmed Combat
  1413 | D:2      | Reached XP level 4. HP: 16/44 MP: 3/3
  1519 | D:3      | Reached XP level 5. HP: 52/52 MP: 4/4
  1571 | D:3      | Found Miaweloy's Book Shop.
  1764 | D:3      | Upgraded the game from 0.27-a0-1051-g288ea87c7c to
                  | 0.27-a0-1060-gcb85b5eba1
  2228 | D:4      | Noticed a phantom
  2236 | D:4      | Killed a phantom
  2236 | D:4      | Reached * piety under Okawaru
  2237 | D:4      | Reached skill level 4 in Unarmed Combat
  2237 | D:4      | Reached XP level 6. HP: 59/61 MP: 5/5
  2264 | D:4      | Found a staircase to the Ecumenical Temple.
  2431 | D:4      | Found an iron altar of Okawaru.
  2680 | D:4      | Reached ** piety under Okawaru
  2993 | D:4      | Found a glowing golden altar of the Shining One.
  2993 | D:4      | Found a hide-covered altar of Uskayaw.
  2994 | D:4      | Found a white marble altar of Elyvilon.
  3310 | D:5      | Entered Level 5 of the Dungeon
  3428 | D:5      | Noticed a shadow
  3438 | D:5      | Killed a shadow
  3439 | D:5      | Reached XP level 7. HP: 67/67 MP: 6/6
  3474 | D:5      | Reached skill level 5 in Unarmed Combat
  3535 | D:5      | Found a sand-covered staircase.
  3547 | Ossuary  | Entered an ossuary
  3573 | Ossuary  | Reached skill level 5 in Shields
  3666 | Ossuary  | Reached XP level 8. HP: 75/78 MP: 7/7
  3918 | D:5      | Reached *** piety under Okawaru
  3994 | D:5      | Reached skill level 6 in Unarmed Combat
  4063 | D:5      | Noticed Pikel
  4088 | D:5      | Killed Pikel
  4089 | D:5      | Reached skill level 1 in Throwing
  4604 | D:6      | Reached **** piety under Okawaru
  4856 | D:6      | Found an opulent altar of Gozag.
  4962 | D:6      | Reached XP level 9. HP: 85/85 MP: 8/8
  5331 | D:7      | Noticed Joseph
  5359 | D:7      | Reached skill level 7 in Unarmed Combat
  5369 | D:7      | Killed Joseph
  5370 | D:7      | Reached skill level 1 in Armour
  5463 | D:7      | Reached skill level 5 in Fighting
  5542 | D:7      | Found a transporter.
  5710 | D:7      | Found a transporter.
  5711 | D:7      | Noticed Snicker's ghost (novice DsBr)
  6021 | D:7      | Killed Snicker's ghost
  6022 | D:7      | Reached skill level 5 in Dodging
  6089 | D:8      | Reached ***** piety under Okawaru
  6179 | D:8      | Received a gift from Okawaru
  6180 | D:8      | Reached skill level 8 in Unarmed Combat
  6180 | D:8      | Reached XP level 10. HP: 86/98 MP: 9/9
  6524 | D:8      | Noticed a two-headed ogre
  6534 | D:8      | Killed a two-headed ogre
  6534 | D:8      | Received a gift from Okawaru
  6968 | D:9      | Found Gump's Jewellery Shoppe.
  7057 | D:9      | Bought a +4 ring of evasion for 504 gold pieces
  7083 | D:9      | Reached skill level 1 in Evocations
  7093 | D:9      | Noticed a cyan ugly thing
  7148 | D:9      | Killed a cyan ugly thing
  7229 | D:9      | Found a burning altar of Makhleb.
  7317 | D:9      | Found a shimmering blue altar of Sif Muna.
  7354 | D:9      | Found a blossoming altar of Fedhas.
  7560 | D:9      | Found a shadowy altar of Dithmenos.
  7609 | D:9      | Received a gift from Okawaru
  7610 | D:9      | Reached skill level 9 in Unarmed Combat
  7655 | D:9      | Reached XP level 11. HP: 78/107 MP: 10/10
  7972 | D:9      | Found a staircase to the Orcish Mines.
  7992 | Orc:1    | Entered Level 1 of the Orcish Mines
  8060 | Orc:1    | Noticed Urug
  8080 | Orc:1    | Killed Urug
  8113 | Orc:1    | Found Mom Vusa's Magic Scroll Shoppe.
  8119 | Orc:1    | Bought a scroll of identify for 36 gold pieces
  8119 | Orc:1    | Bought a scroll of noise for 18 gold pieces
  8119 | Orc:1    | Bought a scroll of identify for 36 gold pieces
  8119 | Orc:1    | Bought a scroll of teleportation for 54 gold pieces
  8119 | Orc:1    | Bought a scroll of identify for 36 gold pieces
  8119 | Orc:1    | Bought a scroll of teleportation for 54 gold pieces
  8119 | Orc:1    | Bought a scroll of magic mapping for 63 gold pieces
  8201 | Orc:1    | Found Hunuto Dirpho's Book Shoppe.
  8262 | Orc:1    | Found Racsuqir's Assorted Antiques.
  8273 | Orc:1    | Bought a scroll of teleportation for 63 gold pieces
  8278 | Orc:1    | Bought a wavering golden ring for 105 gold pieces
  8278 | Orc:1    | Identified the ring of Egomania {*Slow Fly Will+ Int+6
                  | Stlth+} (You bought it in a shop on level 1 of the Orcish
                  | Mines)
  8501 | Orc:2    | Entered Level 2 of the Orcish Mines
  8559 | Orc:2    | Found Pybb's Magic Scroll Shop.
  8618 | Orc:2    | Bought a scroll of identify for 28 gold pieces
  8618 | Orc:2    | Bought a scroll of identify for 28 gold pieces
  8618 | Orc:2    | Bought a scroll of fog for 28 gold pieces
  8622 | Orc:2    | Noticed a boulder beetle
  8654 | Orc:2    | Killed a boulder beetle
  8810 | Orc:2    | Noticed Donald
  8818 | Orc:2    | Killed Donald
  8818 | Orc:2    | Received a gift from Okawaru
  8866 | Orc:2    | Noticed a two-headed ogre
  8866 | Orc:2    | Noticed a two-headed ogre
  8866 | Orc:2    | Noticed a two-headed ogre
  8866 | Orc:2    | Noticed a two-headed ogre
  8866 | Orc:2    | Noticed a two-headed ogre
  8866 | Orc:2    | Noticed a two-headed ogre
  8883 | Orc:2    | Killed a two-headed ogre
  8909 | Orc:2    | Killed a two-headed ogre
  8937 | Orc:2    | Noticed a two-headed ogre
  8969 | Orc:2    | Killed a two-headed ogre
  8982 | Orc:2    | Killed a two-headed ogre
  8986 | Orc:2    | Reached skill level 10 in Unarmed Combat
  9004 | Orc:2    | Noticed an ogre mage
  9007 | Orc:2    | Killed a two-headed ogre
  9008 | Orc:2    | Reached XP level 12. HP: 119/119 MP: 8/11
  9022 | Orc:2    | Killed an ogre mage
  9042 | Orc:2    | Killed a two-headed ogre
  9043 | Orc:2    | Reached skill level 5 in Throwing
  9089 | Orc:2    | Noticed a two-headed ogre
  9102 | Orc:2    | Killed a two-headed ogre
  9102 | Orc:2    | Received a gift from Okawaru
  9124 | Orc:2    | Noticed an ogre mage
  9138 | Orc:2    | Killed an ogre mage
  9173 | Orc:2    | Noticed a two-headed ogre
  9179 | Orc:2    | Killed a two-headed ogre
  9181 | Orc:2    | Found Irorig's Assorted Antiques.
  9184 | Orc:2    | Found a staircase to the Elven Halls.
  9191 | Orc:2    | Found Zyzam's Assorted Antiques.
  9197 | Orc:2    | Noticed a two-headed ogre
  9208 | Orc:2    | Killed a two-headed ogre
  9208 | Orc:2    | Reached ****** piety under Okawaru
  9238 | Orc:2    | Bought a scroll labelled JAKELL WAHIYSEE for 30 gold pieces
  9275 | Orc:2    | Killed a two-headed ogre
  9275 | Orc:2    | Received a gift from Okawaru
  9345 | Orc:2    | Found Rosiph's General Store.
  9346 | Orc:2    | Found Buil's General Store.
  9346 | Orc:2    | Found Tylaopp's Weapon Boutique.
  9346 | Orc:2    | Found Zigif's Distillery.
  9348 | Orc:2    | Noticed a two-headed ogre
  9357 | Orc:2    | Killed a two-headed ogre
  9374 | Orc:2    | Bought 5 curare-tipped darts for 48 gold pieces
  9392 | Orc:2    | Found Rulu Odd's Weapon Boutique.
  9409 | Orc:2    | Noticed a two-headed ogre
  9413 | Orc:2    | Noticed a two-headed ogre
  9421 | Orc:2    | Noticed an ogre mage
  9432 | Orc:2    | Killed a two-headed ogre
  9436 | Orc:2    | Killed a two-headed ogre
  9437 | Orc:2    | Reached skill level 5 in Armour
  9446 | Orc:2    | Killed an ogre mage
  9447 | Orc:2    | Reached skill level 11 in Unarmed Combat
  9721 | Orc:2    | Noticed an ogre mage
  9731 | Orc:2    | Killed an ogre mage
  9919 | D:10     | Entered Level 10 of the Dungeon
 10000 | D:10     | Found a staircase to the Lair.
 10136 | D:10     | Noticed Nergalle
 10147 | D:10     | Killed Nergalle
 10148 | D:10     | Reached XP level 13. HP: 123/130 MP: 9/12
 10421 | D:10     | Found a transporter.
 10422 | D:10     | Found a transporter.
 10422 | D:10     | Found an ornate altar of the Wu Jian Council.
 10892 | Lair:1   | Entered Level 1 of the Lair of Beasts
 11228 | Lair:1   | Received a gift from Okawaru
 11792 | Lair:1   | Identified the +2 pair of boots "Hufitot" {rElec}
 11984 | Lair:2   | Identified the +0 helmet of the Secret Artists {rN+ Int+3}
 12022 | Lair:2   | Found a staircase to the Snake Pit.
 12336 | Lair:2   | Found a staircase to the Swamp.
 12363 | Lair:2   | Reached skill level 1 in Invocations
 13195 | Lair:3   | Found a runed translucent door.
 13196 | Lair:3   | Found a shimmering altar of Xom.
 13196 | Lair:3   | Noticed kd29's ghost (journeyman DrTm)
 13230 | Lair:3   | Identified 2 scrolls of acquirement
 13234 | Lair:3   | Found a dark tunnel.
 13253 | Volcano  | Entered a volcano
 13442 | Volcano  | Upgraded the game from 0.27-a0-1060-gcb85b5eba1 to
                  | 0.27-a0-1065-ge809cff456
 13519 | Volcano  | Identified the +5 shortbow of Moderation {freeze, Will+
                  | Str+4 Int-5 Dex+7} (Okawaru gifted it to you in a volcano)
 13519 | Volcano  | Received a gift from Okawaru
 13689 | Volcano  | Reached skill level 12 in Unarmed Combat
 13690 | Volcano  | Noticed a fire dragon
 13698 | Volcano  | Killed a fire dragon
 13804 | Lair:3   | Acquired a manual of Shields
 13805 | Lair:3   | Acquired a manual of Fighting
 14135 | Lair:3   | Reached XP level 14. HP: 119/141 MP: 11/14
 14399 | Lair:3   | Killed kd29's ghost
 14400 | Lair:3   | Reached skill level 10 in Fighting
 15133 | Lair:4   | You fall into a shaft and drop 2 floors!
 15133 | Lair:6   | Entered Level 6 of the Lair of Beasts
 15456 | Lair:5   | Identified the +6 gold dragon scales "Ragoahay" {Rampage
                  | Fly rPois rF+ rC+ Dex-2} (Okawaru gifted it to you on level
                  | 5 of the Lair of Beasts)
 15456 | Lair:5   | Received a gift from Okawaru
 15767 | Lair:5   | Found a runed translucent door.
 15769 | Lair:5   | Found a viscous altar of Jiyva.
 15769 | Lair:5   | Noticed an acid blob
 15796 | Lair:5   | Reached skill level 5 in Evocations
 15909 | Lair:5   | Found a blossoming altar of Fedhas.
 16159 | Lair:5   | Noticed an acid blob
 16171 | Lair:5   | Found a staircase to the Slime Pits.
 16171 | Lair:5   | Noticed an acid blob
 16171 | Lair:5   | Noticed an acid blob
 18061 | D:11     | Identified the +9 war axe of the Whelk {flame, rF- rN+
                  | Int+4}
 18075 | D:11     | Received a gift from Okawaru
 18459 | D:11     | Acquired 311 gold pieces
 18786 | D:12     | Identified the +8 tower shield of Puthioj {+Inv rF+ rC+
                  | Dex-5} (Okawaru gifted it to you on level 12 of the
                  | Dungeon)
 18786 | D:12     | Received a gift from Okawaru
 18982 | D:12     | Reached XP level 15. HP: 131/154 MP: 16/16
 19214 | D:12     | Identified the +3 rapier of a bailey {protect, rElec Will-
                  | Str+3 Dex+6}
 19427 | D:13     | Reached skill level 10 in Shields
 19427 | D:13     | Reached skill level 13 in Unarmed Combat
 19584 | D:13     | Found a frozen archway.
 19591 | IceCv    | Entered an ice cave
 20048 | IceCv    | Noticed a frost giant
 20089 | IceCv    | Killed a frost giant
 20089 | IceCv    | Received a gift from Okawaru
 20109 | IceCv    | Identified the ring "Xast" {Ice Str+5}
 20118 | IceCv    | Identified the +0 ice dragon scales of Unambiguity {rPois
                  | rF- rC++ Int+4}
 20533 | D:13     | Received a gift from Okawaru
 20631 | D:13     | Noticed Jorgrun
 20648 | D:13     | Killed Jorgrun
 20720 | D:13     | Noticed Kirke
 20739 | D:13     | Killed Kirke
 20756 | D:13     | Found an ornate altar of the Wu Jian Council.
 21312 | D:14     | Received a gift from Okawaru
 21487 | D:14     | Received a gift from Okawaru
 21776 | D:14     | Received a gift from Okawaru
 21791 | D:14     | Reached skill level 5 in Invocations
 21900 | D:14     | Reached XP level 16. HP: 167/167 MP: 18/18
 22114 | D:14     | Found a gate to the Vaults.
 22285 | D:15     | Entered Level 15 of the Dungeon
 22330 | D:15     | Found a radiant altar of Vehumet.
 22361 | D:15     | Received a gift from Okawaru
 22500 | D:15     | Reached skill level 14 in Unarmed Combat
 22680 | D:15     | Found a staircase to the Depths.
 23232 | Snake:1  | Entered Level 1 of the Snake Pit
 23259 | Snake:1  | Found a transporter.
 23282 | Snake:1  | Noticed ClownBaby's ghost (journeyman GnHu)
 23361 | Snake:1  | Found a transporter.
 23927 | Snake:1  | Found a snail-covered altar of Cheibriados.
 24137 | Snake:1  | Killed ClownBaby's ghost
 24139 | Snake:1  | Received a gift from Okawaru
 24340 | Snake:2  | Reached skill level 10 in Armour
 24582 | Snake:2  | Identified the +9 trident of Likho {drain, rPois}
 24618 | Snake:2  | Found an ancient bone altar of Kikubaaqudgha.
 24730 | Snake:3  | Found a flickering gateway to a bazaar.
 24761 | Bazaar   | Entered a bazaar
 24761 | Bazaar   | Found Emashodea's Magic Scroll Shoppe.
 24761 | Bazaar   | Found Xalam's Book Emporium.
 24761 | Bazaar   | Found Xyutsiuv's Armour Emporium.
 24761 | Bazaar   | Found Cety's Armour Shoppe.
 24791 | Bazaar   | Bought a scroll of fog for 12 gold pieces
 24791 | Bazaar   | Bought a scroll of magic mapping for 21 gold pieces
 24791 | Bazaar   | Bought a scroll of enchant armour for 45 gold pieces
 24791 | Bazaar   | Bought a scroll of silence for 45 gold pieces
 24791 | Bazaar   | Bought a scroll of enchant armour for 45 gold pieces
 24799 | Bazaar   | Bought a +2 cloak for 99 gold pieces
 24799 | Bazaar   | Bought the +2 hood of the Assassin {Detection Stab+
                  | Stlth++} for 360 gold pieces
 24799 | Bazaar   | Found the +2 hood of the Assassin {Detection Stab+ Stlth++}
 24820 | Bazaar   | Bought the +4 skin of Zhor {*Englaciate rC+++ SInv} for
                  | 1064 gold pieces
 24820 | Bazaar   | Found the +4 skin of Zhor {*Englaciate rC+++ SInv}
 25011 | Snake:3  | Received a gift from Okawaru
 25012 | Snake:3  | Reached XP level 17. HP: 178/179 MP: 20/20
 26199 | Snake:4  | Entered Level 4 of the Snake Pit
 26268 | Snake:4  | Found an opulent altar of Gozag.
 26408 | Snake:4  | Received a gift from Okawaru
 26410 | Snake:4  | Noticed Vashnia
 26410 | Snake:4  | Noticed Bai Suzhen
 26469 | Snake:4  | Killed Bai Suzhen
 26469 | Snake:4  | Identified the +11 rapier of Trial by Ordeal {vorpal,
                  | *Noise Will++ Str+7} (Okawaru gifted it to you on level 4
                  | of the Snake Pit)
 26469 | Snake:4  | Received a gift from Okawaru
 26538 | Snake:4  | Killed Vashnia
 26543 | Snake:4  | Received a gift from Okawaru
 26666 | Snake:4  | Reached skill level 15 in Unarmed Combat
 26769 | Snake:4  | Found Biedok's Armour Emporium.
 26783 | Snake:4  | Bought a +2 cloak of willpower for 258 gold pieces
 27678 | Snake:4  | Reached XP level 18. HP: 145/191 MP: 20/22
 27804 | Snake:4  | Got a serpentine rune of Zot
 27823 | Snake:4  | Received a gift from Okawaru
 27993 | Swamp:1  | Entered Level 1 of the Swamp
 28131 | Swamp:1  | Acquired 525 gold pieces
 28249 | Swamp:1  | Received a gift from Okawaru
 28566 | Swamp:2  | Reached skill level 10 in Dodging
 28667 | Swamp:2  | Received a gift from Okawaru
 28767 | Swamp:2  | Acquired 782 gold pieces
 29073 | Swamp:3  | Noticed Nikola
 29089 | Swamp:3  | Killed Nikola
 29146 | Swamp:3  | Reached skill level 15 in Fighting
 29463 | Swamp:3  | Noticed Mara
 29474 | Swamp:3  | Noticed 2bobheroes's illusion
 29483 | Swamp:3  | Noticed 2bobheroes's illusion
 29491 | Swamp:3  | Killed Mara
 29657 | Swamp:4  | Entered Level 4 of the Swamp
 29717 | Swamp:4  | Reached skill level 10 in Throwing
 30001 | Swamp:4  | Received a gift from Okawaru
 30454 | Swamp:4  | Reached XP level 19. HP: 166/201 MP: 18/23
 30490 | Swamp:4  | Noticed a bone dragon
 30500 | Swamp:4  | Killed a bone dragon
 30528 | Swamp:4  | Got a decaying rune of Zot
 30775 | D:9      | Reached skill level 16 in Unarmed Combat
 30847 | Elf:1    | Entered Level 1 of the Elven Halls
 30943 | Elf:1    | Found Qacoeleh's Assorted Antiques.
 30949 | Elf:1    | Bought a wand of digging (2) for 304 gold pieces
 31036 | Elf:1    | Bought a scroll of blinking for 285 gold pieces
 31264 | Elf:1    | Found Nivvaept's Distillery.
 31276 | Elf:1    | Bought a potion of experience for 950 gold pieces
 31276 | Elf:1    | Bought a potion of heal wounds for 95 gold pieces
 31276 | Elf:1    | Bought a potion of heal wounds for 95 gold pieces
 31276 | Elf:1    | Bought a potion of heal wounds for 95 gold pieces
 31278 | Elf:1    | Reached XP level 20. HP: 210/210 MP: 24/24
 31513 | Elf:1    | Identified the +0 animal skin "Qaotsann" {rElec Regen+}
                  | (Okawaru gifted it to you on level 1 of the Elven Halls)
 31513 | Elf:1    | Received a gift from Okawaru
 32008 | Elf:2    | Found Pifulem's Jewellery Shop.
 32052 | Elf:2    | Found a flickering gateway to a bazaar.
 32072 | Bazaar   | Entered a bazaar
 32079 | Bazaar   | Found Gemi Osewey's Weapon Shop.
 32093 | Bazaar   | Found Zatoc's Distillery.
 32107 | Bazaar   | Found Teusurgh's Book Shop.
 32121 | Bazaar   | Found Hehuc's Book Boutique.
 32135 | Bazaar   | Found Waupown's Antique Armour Shop.
 32149 | Bazaar   | Found Maumouse's Book Boutique.
 32163 | Bazaar   | Found Axtuof's Armour Shop.
 32265 | Bazaar   | Bought a potion of curing for 33 gold pieces
 32265 | Bazaar   | Bought a potion of heal wounds for 55 gold pieces
 32265 | Bazaar   | Bought a potion of curing for 33 gold pieces
 32265 | Bazaar   | Bought a potion of curing for 33 gold pieces
 32459 | Elf:2    | Found Veokih's General Store.
 32564 | Elf:2    | Bought a potion of heal wounds for 70 gold pieces
 32564 | Elf:2    | Bought a scroll of magic mapping for 49 gold pieces
 32629 | Elf:2    | Found Bojub's Assorted Antiques.
 32799 | Elf:1    | Found an ancient bone altar of Kikubaaqudgha.
 32839 | Elf:2    | Found a runed translucent gate.
 32850 | Elf:2    | Found a runed translucent gate.
 32851 | Elf:2    | Found a runed translucent gate.
 33605 | Elf:3    | Entered Level 3 of the Elven Halls
 33699 | Elf:3    | Found Buekeche's Weapon Boutique.
 34337 | Elf:3    | Received a gift from Okawaru
 34380 | Elf:3    | Cast into level 2 of the Abyss (a deep elf sorcerer)
 34443 | Abyss:2  | Received a gift from Okawaru
 34582 | Abyss:2  | Received a gift from Okawaru
 34904 | Abyss:2  | Reached XP level 21. HP: 208/221 MP: 25/25
 34908 | Elf:3    | Escaped the Abyss
 34925 | Elf:3    | Received a gift from Okawaru
 34935 | Elf:3    | Received a gift from Okawaru
 34971 | Elf:3    | Cast into level 2 of the Abyss (a ghostly deep elf
                  | sorcerer)
 35128 | Abyss:2  | Found a corrupted altar of Lugonu.
 35144 | Abyss:2  | Noticed a dread lich
 35172 | Abyss:2  | Killed a dread lich
 35173 | Abyss:2  | Reached skill level 17 in Unarmed Combat
 35177 | Abyss:2  | Found a corrupted altar of Lugonu.
 35186 | Elf:3    | Escaped the Abyss
 35359 | Elf:3    | Identified the +0 tower shield "Rymumawy" {Int+3} (Okawaru
                  | gifted it to you on level 3 of the Elven Halls)
 35359 | Elf:3    | Received a gift from Okawaru
 35463 | Elf:3    | Identified the amulet "Utwifene" {Faith rElec Str+9 Int+2
                  | Dex-3}
 35553 | Elf:3    | Identified the ring "Zecsaqis" {Fly rElec Will+ Dex+4}
 35557 | Elf:3    | Identified the +0 plate armour "Saed" {+Blink rF+ rC+
                  | Str-5}
 35566 | Elf:3    | Identified the ring of Descent {rElec rF+ rC+ SInv}
 35599 | Elf:3    | Identified the ring "Oxkej" {rPois rC+ Int+4}
 35619 | Elf:3    | Identified the +12 hand axe of the Slashing Saviour {vamp,
                  | rPois SInv}
 36058 | Vaults:1 | Entered Level 1 of the Vaults
 36155 | Vaults:1 | Learned a level 2 spell: Blink
 36158 | Vaults:1 | Learned a level 2 spell: Passwall
 36834 | Vaults:1 | Reached XP level 22. HP: 231/232 MP: 26/26
 36880 | Vaults:1 | Received a gift from Okawaru
 37161 | Vaults:1 | Received a gift from Okawaru
 37985 | Vaults:2 | Identified the Grimoire of the Twisted Arsonist
 38686 | Vaults:2 | Reached skill level 18 in Unarmed Combat
 39068 | Vaults:3 | Received a gift from Okawaru
 39348 | Vaults:3 | Identified the +4 kite shield "Jutipnen" {rC+ Will++ Str+4
                  | Int-2} (Okawaru gifted it to you on level 3 of the Vaults)
 39348 | Vaults:3 | Received a gift from Okawaru
 39901 | Vaults:3 | Found a staircase to the Crypt.
 40494 | Vaults:4 | Reached XP level 23. HP: 241/241 MP: 27/27
 40851 | Vaults:4 | Reached skill level 10 in Evocations
 41196 | Vaults:5 | Entered Level 5 of the Vaults
 41229 | Vaults:5 | Noticed an ancient lich
 41255 | Vaults:5 | Killed an ancient lich
 41258 | Vaults:5 | Noticed a dread lich
 41272 | Vaults:5 | Killed a dread lich
 41272 | Vaults:5 | Received a gift from Okawaru
 41643 | Vaults:5 | Identified the +4 chain mail "Ofral" {Harm rCorr}
 41683 | Vaults:5 | Noticed a dread lich
 41742 | Vaults:5 | Killed a dread lich
 41742 | Vaults:5 | Received a gift from Okawaru
 41751 | Vaults:5 | Identified the +4 tower shield "Ennur" {Rampage Int-2 Dex+2
                  | SInv} (Okawaru gifted it to you on level 5 of the Vaults)
 41751 | Vaults:5 | Received a gift from Okawaru
 41908 | Vaults:5 | Identified Uzxub's Collected Works on Dusty Companions
 42022 | Vaults:5 | Got a silver rune of Zot
 42068 | Vaults:5 | Noticed a dread lich
 42072 | Vaults:5 | Reached skill level 15 in Armour
 42073 | Vaults:5 | Reached skill level 19 in Unarmed Combat
 42080 | Vaults:5 | Killed a dread lich
 42081 | Vaults:5 | Reached skill level 15 in Shields
 42196 | Vaults:5 | Reached XP level 24. HP: 253/253 MP: 27/27
 42286 | Vaults:5 | Received a gift from Okawaru
 42395 | Vaults:5 | Noticed a dread lich
 42680 | Vaults:5 | Reached XP level 25. HP: 261/261 MP: 27/27
 42876 | Vaults:5 | Found Pitwix's Assorted Antiques.
 43090 | Vaults:5 | Killed a dread lich
 43450 | Orc:2    | Bought a shiny tower shield for 225 gold pieces
 43494 | Orc:2    | Bought a scroll of enchant armour for 105 gold pieces
 43494 | Orc:2    | Bought a scroll of acquirement for 728 gold pieces
 43496 | Orc:2    | Acquired 982 gold pieces
 43543 | Orc:2    | Bought a potion of resistance for 160 gold pieces
 43543 | Orc:2    | Bought a scroll of teleportation for 48 gold pieces
 43544 | Orc:2    | Bought a scroll of enchant armour for 97 gold pieces
 43546 | Orc:2    | Bought a potion of curing for 42 gold pieces
 43546 | Orc:2    | Bought a potion of might for 56 gold pieces
 43546 | Orc:2    | Bought a potion of resistance for 140 gold pieces
 43546 | Orc:2    | Bought a potion of curing for 42 gold pieces
 43546 | Orc:2    | Bought a potion of heal wounds for 70 gold pieces
 43546 | Orc:2    | Bought a potion of berserk rage for 70 gold pieces
 43677 | Elf:1    | Bought a potion of might for 76 gold pieces
 43677 | Elf:1    | Bought 2 potions of cancellation for 304 gold pieces
 43677 | Elf:1    | Bought a potion of cancellation for 152 gold pieces
 43969 | Depths:1 | Entered Level 1 of the Depths
 44028 | Depths:1 | Acquired 990 gold pieces
 44358 | Depths:1 | Received a gift from Okawaru
 44379 | Depths:1 | Found Peummofo's Jewellery Shoppe.
 44388 | Depths:1 | Bought the amulet of Monwov {+Blink rElec rN+ Regen+ Dex+2}
                  | for 1306 gold pieces
 44579 | Depths:1 | Found a gateway to Hell.
 44585 | Depths:1 | Found Leenap's Jewellery Boutique.
 44588 | Depths:1 | Identified the Reference Book on Floating Displacement
 44592 | Depths:1 | Found Hiniwa Voroe's Book Emporium.
 44593 | Depths:1 | Found Etusas's Jewellery Boutique.
 45059 | Depths:2 | Found a runed translucent door.
 45059 | Depths:2 | Found a shimmering altar of Xom.
 45059 | Depths:2 | Noticed Ciric's ghost (veteran SpVM)
 45065 | Depths:2 | Found Miatebla's Antique Weapon Shop.
 45065 | Depths:2 | Found Dareniw's Weapon Boutique.
 45071 | Depths:2 | Found Fiameov's Armour Boutique.
 45130 | Depths:2 | Found Yniorgha's Book Shop.
 45153 | Depths:2 | Found a gateway to a ziggurat.
 45167 | Depths:2 | Found a blossoming altar of Fedhas.
 45170 | Depths:2 | Noticed the Enchantress
 45195 | Depths:2 | Killed the Enchantress
 45297 | Depths:2 | Reached skill level 20 in Unarmed Combat
 45503 | Depths:2 | Reached XP level 26. HP: 255/271 MP: 22/27
 45606 | Depths:2 | Noticed a juggernaut
 45615 | Depths:2 | Noticed a juggernaut
 45623 | Depths:2 | Killed a juggernaut
 45641 | Depths:2 | Killed a juggernaut
 45728 | Depths:2 | Received a gift from Okawaru
 45850 | Depths:2 | Identified the +7 great sword of Famine {holy, Fragile
                  | rPois rCorr Dex+6}
 46452 | Depths:3 | Noticed a juggernaut
 46465 | Depths:3 | Killed a juggernaut
 46576 | Depths:3 | Reached skill level 15 in Throwing
 46838 | Depths:3 | Identified the ring "Sausugo" {Fly Str+6 Int+2}
 46991 | Depths:3 | Identified the +7 demon trident of Day {drain, Dex+7}
                  | (Okawaru gifted it to you on level 3 of the Depths)
 46991 | Depths:3 | Received a gift from Okawaru
 47016 | Depths:3 | Noticed Saint Roka
 47028 | Depths:3 | Killed Saint Roka
 47083 | Depths:3 | Found a one-way gate leading to the halls of Pandemonium.
 47093 | Depths:3 | Identified the ring of the Lily {rElec rC+ Will+ Str-5
                  | Dex+4}
 47181 | Depths:3 | Reached skill level 21 in Unarmed Combat
 47328 | Depths:3 | Found a one-way gate to the infinite horrors of the Abyss.
 47344 | Depths:3 | Found a transporter.
 47472 | Depths:3 | Found Edauv's Book Emporium.
 47482 | Depths:3 | Bought a book of Spatial Translocations for 1495 gold
                  | pieces
 47492 | Depths:3 | Identified the ring of Wishful Thinking {rPois EV+4 Str-3
                  | Stlth+}
 47530 | Depths:3 | Found Seevvam's Magic Scroll Shop.
 47539 | Depths:3 | Found a transporter.
 47543 | Depths:3 | Bought a scroll of enchant armour for 187 gold pieces
 47543 | Depths:3 | Bought a scroll of teleportation for 75 gold pieces
 47543 | Depths:3 | Bought a scroll of teleportation for 75 gold pieces
 47543 | Depths:3 | Bought a scroll of teleportation for 75 gold pieces
 47797 | Depths:4 | Reached XP level 27. HP: 282/282 MP: 27/27
 48192 | Depths:4 | Found a shadowy altar of Dithmenos.
 48247 | Depths:4 | Received a gift from Okawaru
 48541 | Depths:4 | Received a gift from Okawaru
 48832 | Depths:5 | Entered Level 5 of the Depths
 48884 | Depths:5 | Found a magical portal.
 48889 | WizLab   | Entered The Hall of the Hellbinder
 49161 | WizLab   | Found a burning altar of Makhleb.
 49177 | WizLab   | Identified the +1 robe "Kuffomn" {rC+ Stlth+} (Okawaru
                  | gifted it to you in a wizard's laboratory)
 49177 | WizLab   | Received a gift from Okawaru
 49201 | WizLab   | Identified Eschiacap's Guide on Slavery
 49234 | WizLab   | Identified the amulet of Nevox {Faith rPois Regen+}
 49236 | WizLab   | Identified the ring "Veil" {Fire rN+ Dex+2}
 49238 | WizLab   | Identified the ring "Emocleaq" {Drain rPois rN+ MP+9
                  | Slay+2}
 50186 | Depths:5 | Found a gate to the Realm of Zot.
 50413 | Depths:5 | Noticed a juggernaut
 50425 | Depths:5 | Killed a juggernaut
 50504 | Depths:5 | Learned a level 1 spell: Animate Skeleton
 50568 | Zot:1    | Entered Level 1 of the Realm of Zot
 51477 | Zot:2    | Identified the +10 trident of the Goat {vorpal, Int+3}
                  | (Okawaru gifted it to you on level 2 of the Realm of Zot)
 51477 | Zot:2    | Received a gift from Okawaru
 51504 | Zot:2    | Noticed an orb of fire
 51517 | Zot:2    | Gained mutation: Your magical capacity is low. (-10% MP)
                  | [an orb of fire]
 51530 | Zot:2    | Received a gift from Okawaru
 51531 | Zot:2    | Reached skill level 22 in Unarmed Combat
 51772 | Zot:2    | Killed an orb of fire
 51887 | Zot:2    | Identified the ring "Doda" {Fly Str+3 Int+3}
 52461 | Zot:2    | Received a gift from Okawaru
 52865 | Depths:3 | Bought a scroll of teleportation for 75 gold pieces
 53775 | Elf:2    | Bought a scroll of enchant armour for 307 gold pieces
 54374 | Zot:3    | Noticed an orb of fire
 54375 | Zot:3    | Gained mutation: You tend to lose your temper in combat.
                  | [an orb of fire]
 54383 | Zot:3    | Killed an orb of fire
 54449 | Zot:3    | Received a gift from Okawaru
 54733 | Zot:3    | Lost mutation: Your magical capacity is low. (-10% MP)
                  | [potion of mutation]
 54733 | Zot:3    | Lost mutation: You tend to lose your temper in combat.
                  | [potion of mutation]
 54733 | Zot:3    | Gained mutation: Armour fits poorly on your strangely
                  | shaped body. [potion of mutation]
 54733 | Zot:3    | Gained mutation: You are agile. (Dex +2) [potion of
                  | mutation]
 54733 | Zot:3    | Gained mutation: You have large cloven feet. [potion of
                  | mutation]
 54733 | Zot:3    | Gained mutation: Your flesh is heat resistant. (rF+)
                  | [potion of mutation]
 55130 | Zot:4    | Reached skill level 15 in Dodging
 55726 | Zot:4    | Noticed an orb of fire
 55735 | Zot:4    | Killed an orb of fire
 55851 | Zot:5    | Entered Level 5 of the Realm of Zot
 55993 | Zot:5    | Received a gift from Okawaru
 56114 | Zot:5    | Received a gift from Okawaru
 56393 | Zot:5    | Acquired a manual of Stealth
 56470 | Zot:5    | Noticed a dread lich
 56493 | Zot:5    | Noticed an orb of fire
 56494 | Zot:5    | Noticed an orb of fire
 56496 | Zot:5    | Noticed an orb of fire
 56496 | Zot:5    | Noticed a dread lich
 56497 | Zot:5    | Noticed an orb of fire
 56500 | Zot:5    | Noticed an orb of fire
 56500 | Zot:5    | Noticed a dread lich
 56501 | Zot:5    | Lost mutation: You are agile. (Dex +2) [an orb of fire]
 56501 | Zot:5    | Noticed an orb of fire
 56503 | Zot:5    | Noticed an orb of fire
 56515 | Zot:5    | Killed an orb of fire
 56519 | Zot:5    | Gained mutation: You are clumsy. (Dex -2) [an orb of fire]
 56521 | Zot:5    | Gained mutation: You are occasionally teleported next to
                  | monsters. [an orb of fire]
 56523 | Zot:5    | Killed an orb of fire
 56527 | Zot:5    | Identified the +8 hand crossbow of Toly {penet, rF+}
                  | (Okawaru gifted it to you on level 5 of the Realm of Zot)
 56527 | Zot:5    | Received a gift from Okawaru
 56529 | Zot:5    | Gained mutation: You are weak. (Str -2) [an orb of fire]
 56530 | Zot:5    | Noticed an ancient lich
 56531 | Zot:5    | Gained mutation: Your flesh is very heat resistant. (rF++)
                  | [an orb of fire]
 56570 | Zot:5    | Killed a dread lich
 56580 | Zot:5    | Lost mutation: You are occasionally teleported next to
                  | monsters. [potion of mutation]
 56580 | Zot:5    | Lost mutation: Armour fits poorly on your strangely shaped
                  | body. [potion of mutation]
 56580 | Zot:5    | Lost mutation: You are weak. (Str -2) [potion of mutation]
 56580 | Zot:5    | Gained mutation: You possess an exceptional clarity of
                  | mind. [potion of mutation]
 56580 | Zot:5    | Gained mutation: You are somewhat resistant to further
                  | mutation. [potion of mutation]
 56691 | Zot:4    | Killed an orb of fire
 56703 | Zot:5    | Paralysed by a dread lich for 7 turns
 56724 | Zot:5    | Killed a dread lich
 56727 | Zot:5    | Killed an orb of fire
 56734 | Zot:5    | Gained mutation: You are dopey. (Int -2) [an orb of fire]
 56739 | Zot:5    | Killed an orb of fire
 56743 | Zot:5    | Killed a dread lich
 56743 | Zot:5    | Identified the +0 robe of Distant Worlds {-Cast rF+ rN+
                  | Dex+4} (Okawaru gifted it to you on level 5 of the Realm of
                  | Zot)
 56743 | Zot:5    | Received a gift from Okawaru
 56751 | Zot:5    | Killed an orb of fire
 56759 | Zot:5    | Killed an orb of fire
 56766 | Zot:5    | Killed an ancient lich
 56768 | Zot:5    | Lost mutation: You possess an exceptional clarity of mind.
                  | [potion of mutation]
 56768 | Zot:5    | Lost mutation: You are dopey. (Int -2) [potion of mutation]
 56768 | Zot:5    | Lost mutation: Your flesh is very heat resistant. (rF++)
                  | [potion of mutation]
 57276 | Zot:5    | Received a gift from Okawaru
 57571 | Zot:5    | Got the Orb of Zot
 57920 | D:15     | Noticed Utedaide the pandemonium lord
 58017 | D:10     | Noticed Cupourru the pandemonium lord
 58028 | D:10     | Cast into level 4 of the Abyss (Cupourru)
 58066 | D:10     | Escaped the Abyss
 58070 | D:10     | Killed Cupourru the pandemonium lord
 58255 | D:$      | Escaped with the Orb!

Illustrated notes

Levels and vault maps discovered:
D:1:      psy_arrival_terrarium, layout_loops_ring,
          hellmonk_ecumenical_altar_leap_of_faith, serial_shops, shop
D:2:      layout_basic, basic_altar, uniq_crazy_yiuf_cottage
D:3:      layout_basic, serial_shops, nicolae_shop_trees,
          minmay_misc_feat_square
D:4:      layout_basic, kennysheep_mini_moat,
          chequers_temple_overflow_statue_of_worship,
          minmay_temple_entry_junction
D:5:      layout_basic, nicolae_ossuary_entry_catacombs, chequers_avenue,
          hex_tiny, uniq_pikel
D:6:      layout_loops_ring, nicolae_gozag_seed_capital, grunt_ministairs_13,
          chequers_serial_rivers_micro_c, minmay_misc_feat_iff, minivault_26,
          kennysheep_another_room, lightli_minifort
D:7:      layout_basic, gammafunk_ghost_stat_death, uniq_joseph
D:8:      layout_rooms
D:9:      layout_big_octagon, lemuel_round_altar, lemuel_crystal_altar,
          lemuel_round_altar, kennysheep_mini, erik_orc_2, serial_shops,
          nicolae_shop_statue_plus, serial_gnoll_camp, gnoll_camp_medium_02,
          gnoll_camp_mini_hut, gnoll_camp_mini_basic, gnoll_camp_medium_01
D:10:     layout_basic, gammafunk_temple_overflow_arena,
          due_lair_maze_entry_diamond, minmay_stone_trees_small, uniq_nergalle
D:11:     layout_gridville
D:12:     layout_long_grid
D:13:     layout_loops_ring, serial_ice, serial_ice_j, serial_ice_b,
          serial_ice_m, serial_ice_n, portal_ice_cave_rime,
          nzn_wu_jian_contemplation, uniq_kirke, uniq_jorgrun
D:14:     layout_long_grid, grunt_vaults_entry_fortified, fountainhead
D:15:     gammafunk_depths_entry_grave, layout_rooms, grunt_decor_junction,
          nicolae_vehumet_altar_sigil
Lair:1:   layout_cave_pods
Lair:2:   layout_cave_pods, minmay_swamp_entry_worms,
          minmay_snake_entry_guardpost_medium, serial_bayou_shore_b,
          serial_bayou_shore_a
Lair:3:   layout_hall_layers, ebering_ghost_xom,
          lightli_volcano_entry_magma_tube, minivault_23, minivault_11,
          serial_bayou_lake_a, infiniplex_staircase_pool_2
Lair:4:   dragon1_lemuel, layout_hall_layers, grunt_megastairs_3
Lair:5:   layout_regular_city, slime_altar_2, small_statue_intersection,
          hangedman_tree_tricks, grunt_megastairs_1
Lair:6:   grunt_lair_end_beastmaster, layout_long_grid, roderic_batcave,
          st_stairs_11, grunt_megastairs_2
Swamp:1:  layout_falls_marsh, evilmike_swamp_ruin_house_1, swamp_pool5,
          infiniplex_staircase_pool
Swamp:2:  layout_basic_swamp, nicolae_swamp_ascending_descending, swamp_pool2
Swamp:3:  layout_falls_marsh, evilmike_swamp_ruin_house_6, uniq_mara,
          uniq_nikola
Swamp:4:  swamp_pestilence, layout_basic_swamp, cheibrodos_swamp_minitomb
Snake:1:  layout_gridlike, gammafunk_ghost_arena, basic_altar
Snake:2:  layout_concentric_octagons, basic_altar, drop_trap
Snake:3:  layout_chambers, serial_shops, bzr_entry_customers
Snake:4:  grunt_snake_rune_pools, layout_cave_town, serial_shops, shop,
          basic_altar, uniq_bai_suzhen, uniq_vashnia
Orc:1:    layout_caves, serial_shops, shop, shop, shop_fountains, uniq_urug
Orc:2:    st_orc_ogre_mass, layout_caves, serial_shops, nicolae_shop_waterfront,
          shop, shop_fountains, shop, rock_pile, uniq_donald
Elf:1:    eino_elf_arrival_sip, layout_geoelf_grid, special_room
          [special_room_orc], serial_shops, nicolae_shop_statue_plus,
          hangedman_elf_represent, minmay_shop_star, lemuel_upstairs_altar
Elf:2:    layout_geoelf_grid, serial_sigils, serial_sigils_hangedman_snap,
          serial_sigils_hangedman_carve, serial_sigils_hangedman_clutch,
          serial_shops, bzr_entry_gold, nicolae_shop_behind_doors, shop, shop
Elf:3:    minmay_elf_hall_four_x, layout_geoelf_diagonals, serial_shops,
          shop_fountains, hangedman_elf_simple_split
Vaults:1: v_misc_22, st_squares, vaults_mumra_minichess_inversion, v_rooms_1,
          hangedman_vaults_locks, ontoclasm_vaults_eye, v_pattern_2,
          nicolae_vaults_windows_and_doors_thing,
          nicolae_vaults_little_squares_6, nicolae_vaults_specimen_jars,
          nicolae_vaults_little_squares_5, v_misc_25,
          nicolae_vaults_little_squares_6, layout_vaults_big_cross
Vaults:2: nicolae_vaults_network_square, v_rooms_5, v_misc_26,
          st_quartered_hall, nicolae_vaults_hallways_thing, vaults_dpeg_ring,
          hangedman_vaults_variations, vaults_room_large_hall,
          nicolae_vaults_ring_of_whatevers, vaults_mumra_lcd,
          layout_vaults_omnigrid
Vaults:3: nicolae_vaults_asterisk, minmay_crypt_entry_simple_walls,
          ontoclasm_vaults_gateway, ontoclasm_vaults_hangar,
          ontoclasm_vaults_loading_screen, vaults_room_fancy_cross,
          vaults_room_stairs_pillars, nicolae_vaults_circle_grid_a,
          vaults_dpeg_doors, v_pattern_1, v_alt_pattern_4,
          hangedman_vaults_restitches, nicolae_vaults_quartermaster,
          nicolae_vaults_little_squares_3, layout_vaults_maze_bifur
Vaults:4: grunt_vaults_funnel, ontoclasm_vaults_spin, vaults_room_octagon,
          v_misc_19, st_lines, vaults_room_grid,
          nicolae_vaults_inception_corners, vaults_room_corners,
          nicolae_vaults_little_squares_2, v_misc_11,
          grunt_vaults_hallway_short, v_misc_9, nicolae_vaults_little_squares_2,
          ontoclasm_vaults_decontamination, layout_vaults_omnibox
Vaults:5
Depths:1: layout_roguey, serial_shops, shop, serial_bayou_pond_e, hell_entry,
          st_stairs_13, nrook_mini_vaults, nooodl_orcs_dogs, minmay_shop_grove,
          grunt_megastairs_5
Depths:2: lemuel_castle_with_subvaults [lemuel_castle_interior_carwin_3],
          layout_twisted_cross, enter_ziggurat_a, grunt_metal_band,
          fedhas_altar_3, ebering_ghost_xom, infiniplex_staircase_pool_lava,
          minmay_shoptagon, uniq_enchantress
Depths:3: hangedman_spin_cycle, hell_entry, abyss_entry, pan_entry
Depths:4: hourglass_vault, layout_long_grid, pf_hell_entry_great_geh,
          abyss_entry, nicolae_dithmenos_the_darkroom,
          chequers_serial_rivers_micro_a, kennysheep_opposing_triangles
Depths:5: grunt_zot_entry_gee_three, layout_gridlike, hell_entry,
          mu_enter_wizlab_4, serial_bayou_pond_d, serial_corexii_hall,
          chequers_hall_statues_wall_a, corexii_hall_statues_x,
          chequers_hall_statues_corner_a, corexii_hall_statues_l
Zot:1:    layout_basic
Zot:2:    hangedman_zot_vaults_quadrants, layout_onion
Zot:3:    layout_misc_corridors, grunt_megastairs_4
Zot:4:    layout_misc_corridors
Zot:5:    layout_gridlike

Skill      XL: |  1  2  3  4  5  6  7  8  9 10 11 12 13 14 15 16 17 18 19 20 21 22 23 24 25 26 27 |
---------------+----------------------------------------------------------------------------------+-----
Shields        | 3 4 5 6 7 8 9 10 11 12 13 14 15 | 15.0
Unarmed Combat | 3 4 5 6 8 9 10 11 12 13 14 15 16 17 18 19 20 21 22 | 22.0
Dodging        | 3 4 5 6 7 8 9 10 11 12 13 15 | 15.0
Fighting       | 3 4 5 6 7 8 9 11 12 13 14 15 16 17 19 | 19.6
Throwing       | 1 2 3 4 5 6 7 8 9 10 11 12 13 14 15 19 | 19.7
Armour         | 2 3 4 5 6 8 9 10 11 12 13 14 15 16 17 20 | 20.4
Evocations     | 1 2 3 4 5 6 7 8 9 10 11 14 | 14.2
Invocations    | 2 3 5 6 7 |  7.0

Action                   |  1- 3 |  4- 6 |  7- 9 | 10-12 | 13-15 | 16-18 | 19-21 | 22-24 | 25-27 || total
-------------------------+-------+-------+-------+-------+-------+-------+-------+-------+-------++-------
Melee: Unarmed           |   107 |   118 |   327 |   596 |  1412 |  1597 |  1016 |  1402 |  2735 ||  9310
       Kick              |       |       |       |       |       |       |       |       |   220 ||   220
Throw: Stone             |       |       |     2 |       |       |       |       |       |       ||     2
       Dart              |       |       |     8 |    16 |       |       |     3 |       |       ||    27
       Boomerang         |       |       |       |    23 |       |    25 |     4 |     3 |       ||    55
       Javelin           |       |       |       |     7 |       |     3 |    26 |    21 |    12 ||    69
       Large rock        |       |       |       |       |    60 |    60 |    45 |     8 |    30 ||   203
Invok: Heroism           |       |       |     2 |    18 |    21 |    20 |    17 |     5 |    27 ||   110
       Finesse           |       |       |       |       |     1 |     7 |     4 |     1 |     9 ||    22
 Abil: Evoke Blink       |       |       |       |       |       |       |       |       |     5 ||     5
Evoke: Wand              |       |       |       |    19 |       |       |       |       |     3 ||    22
       Tin of tremorston |       |       |       |       |       |       |     4 |     2 |     8 ||    14
       Condenser vane    |       |       |       |       |       |       |       |       |     3 ||     3
       Phantom mirror    |       |       |       |       |       |       |       |       |     1 ||     1
  Use: Scroll            |       |     7 |     5 |     9 |    14 |     3 |     2 |     4 |    26 ||    70
       Potion            |       |       |       |     4 |     1 |     3 |     1 |     1 |    14 ||    24
 Stab: Sleeping          |     2 |       |       |       |       |       |       |       |       ||     2
       Petrified         |       |       |       |       |     6 |       |       |       |       ||     6
       Confused          |       |       |       |       |       |     1 |       |       |       ||     1
Armor: Robe              |    35 |    31 |       |     1 |     5 |       |       |       |       ||    72
       Ice dragon scales |       |     6 |   134 |   144 |    65 |       |       |       |       ||   349
       Gold dragon scale |       |       |       |       |   309 |   495 |   279 |   392 |   906 ||  2381
Dodge: Dodged            |    21 |    37 |    62 |   237 |   382 |   340 |   195 |   305 |   713 ||  2292
Block: Kite shield       |    42 |    40 |   140 |   352 |   448 |       |       |       |       ||  1022
       Reflection        |       |       |       |     6 |     6 |       |       |       |       ||    12
       Tower shield      |       |       |       |       |   599 |  1475 |   887 |  1165 |  2500 ||  6626

Table legend: (Time is in decaauts)
 A = Elapsed time spent in this place.
 B = Non-inter-level travel time spent in this place.
 C = Inter-level travel time spent in this place.
 D = Time resting spent in this place.
 E = Time spent auto-exploring this place.
 F = Levels seen in this place.
 G = Mean time per level.
                   A        B        C        D        E       F      G
               +--------+--------+--------+--------+--------+-----+--------+
         Total |  55693 |  50387 |   5306 |   1778 |  30791 |  58 |  960.2 |
       Dungeon |  14521 |  12501 |   2020 |    287 |   8200 |  15 |  968.1 |
          Lair |   6607 |   5970 |    637 |    126 |   4619 |   6 | 1101.2 |
         Swamp |   2518 |   2370 |    148 |     46 |   1508 |   4 |  629.5 |
     Snake Pit |   4445 |   4316 |    129 |    113 |   2670 |   4 | 1111.2 |
  Orcish Mines |   2191 |   1870 |    321 |     37 |   1047 |   2 | 1095.5 |
   Elven Halls |   4134 |   3563 |    571 |     39 |   2214 |   3 | 1378.0 |
        Vaults |   6984 |   6406 |    578 |    123 |   3921 |   5 | 1396.8 |
        Depths |   6111 |   5415 |    696 |    116 |   3321 |   5 | 1222.2 |
           Zot |   5257 |   5054 |    203 |    690 |   2576 |   5 | 1051.4 |
         Abyss |    703 |    703 |      0 |     76 |      0 |   3 |  234.3 |
        Bazaar |    344 |    344 |      0 |      0 |    111 |   2 |  172.0 |
       Ossuary |    255 |    255 |      0 |     25 |    111 |   1 |  255.0 |
      Ice Cave |    757 |    757 |      0 |      0 |    462 |   1 |  757.0 |
       Volcano |    513 |    513 |      0 |     81 |     25 |   1 |  513.0 |
        Wizlab |    347 |    347 |      0 |     19 |      5 |   1 |  347.0 |
               +--------+--------+--------+--------+--------+-----+--------+

Top non-repeatable levels by time:
Vaults:5: 1787 daAuts
   Orc:2: 1636 daAuts
   Zot:5: 1560 daAuts
 Snake:4: 1543 daAuts
     D:9: 1518 daAuts
Vaults:2: 1513 daAuts
Depths:5: 1432 daAuts
Vaults:1: 1409 daAuts
   Elf:1: 1392 daAuts
 Snake:3: 1387 daAuts
   Elf:3: 1372 daAuts
   Elf:2: 1369 daAuts
  Lair:2: 1351 daAuts
    D:14: 1351 daAuts
    D:10: 1348 daAuts
